 Dungeon Crawl Stone Soup version 0.32-a0-468-g38b2580584 (webtiles) character file.

Game seed: 15809720274858276311

81 ezpacito the Trooper (level 4, -3/35 HPs)
             Began as a Demonspawn Chaos Knight on Feb 25, 2024.
             Was a Plaything of Xom.
             Succumbed to Robin's poison
             ... on level 2 of the Dungeon.
             The game lasted 00:01:25 (1067 turns).

ezpacito the Trooper (Demonspawn Chaos Knight)      Turns: 1067, Time: 00:01:25

Health: -3/35      AC:  6    Str: 12 (14) XL:     4   Next: 19%
Magic:  5/5        EV: 11    Int: 10 (12) God:    Xom [..*...]
Gold:   56         SH:  0    Dex: 11 (13) Spells: 4/4 levels left

rFire   . . .        a - +0 hand axe (chaos)
rCold   . . .        (no shield)
rNeg    . . .        b - +2 leather armour
rPois   .            e - +1 hat
rElec   .            (no cloak)
rCorr   .            (no gloves)
SInv    .            (no boots)
Will    .....        (no amulet)
Stlth   +            (no ring)
HPRegen 0.25/turn    (no ring)
MPRegen 0.09/turn

%: no passive effects
@: lethally poisoned (-3 -> -23)
A: claws 1
a: Renounce Religion


You were on level 2 of the Dungeon.
You worshipped Xom.
You were a toy of Xom.
You visited 1 branch of the dungeon, and saw 2 of its levels.

You collected 80 gold pieces.
You spent 24 gold pieces at shops.

Inventory:

Hand Weapons
 a - a +0 hand axe of chaos (weapon)
Missiles
 d - 11 poisoned darts (quivered)
Armour
 b - a +2 leather armour (worn)
 e - a +1 hat (worn)
 g - a +0 chain mail
 k - a +0 plate armour
Scrolls
 c - a scroll of butterflies
 f - 2 scrolls of identify
 i - a scroll of torment {unknown}


   Skills:
 * Level 3.3 Fighting
 * Level 3.0(3.1) Axes
 + Level 0.6(2.0) Polearms
 * Level 2.1 Armour
 * Level 1.8 Dodging
 + Level 0.5 Stealth
 * Level 1.0 Unarmed Combat
 * Level 0.9 Spellcasting


You had 4 spell levels left.
You didn't know any spells.
Your spell library was empty.

Dungeon Overview and Level Annotations

Branches:
Dungeon (2/15)

Altars:

Shops:
D:1 *


Innate Abilities, Weirdness & Mutations

You have sharp fingernails.


Message History

Robin is lightly wounded.
Robin barely misses you.
You hit Robin. You burn Robin.
Robin is moderately wounded.
Robin hits you but does no damage.
You are poisoned.
You closely miss Robin.
Robin is moderately wounded.
You feel sick. Robin hits you but does no damage.
You are more poisoned.
You hit Robin.
Robin is poisoned.
Robin is heavily wounded.
You feel very sick.
Robin hits you with a +0 dagger of venom.
You hit Robin but do no damage.
Robin is heavily wounded.
You feel sick. Robin hits you but does no damage.
You are more poisoned.
You hit Robin. You drain Robin.
Robin is severely wounded.
You feel very sick.
Robin hits you with a +0 dagger of venom.
You are lethally poisoned!
Robin hits you but does no damage.
You are more poisoned.
It was a potion of degeneration.
There was something very wrong with that liquid.
You feel weakened.
You feel dopey.
You feel clumsy.
Xom thinks this is hilarious!
* * * LOW HITPOINT WARNING * * *
You feel extremely sick. Robin misses you.
It was a potion of magic.
Magic courses through your body.
Xom roars with laughter!
* * * LOW HITPOINT WARNING * * *
You feel very sick.
You kill Robin!
You hit the hobgoblin but do no damage.
You die...
Xom laughs nastily!

..# ######### #.#
#.......# #.# #.####.##
#.##### #.# #.#
#.....###.####.#
#...........##.#
#...........##.#
#...........##.#########
#.....########.)@g.....#
........ #########.#
#........ #........
#........#


You could see a hobgoblin (strong).

Vanquished Creatures
  Jessica (D:2)
  Robin (D:2)
  An adder (D:2)
  2 ball pythons (D:1)
  5 bats
  2 endoplasms (D:1)
  A giant cockroach (D:2)
  8 goblins
  5 hobgoblins
  2 kobolds (D:2)
  6 rats
34 creatures vanquished.

Notes
Turn   | Place    | Note
-------+----------+-------------------------------------------
     0 | D:1      | ezpacito the Demonspawn Chaos Knight began the quest for
                  | the Orb.
     0 | D:1      | Reached XP level 1. HP: 18/18 MP: 1/1
    31 | D:1      | Reached skill level 1 in Dodging
    51 | D:1      | Gained mutation: You have sharp fingernails. [demonic
                  | ancestry]
    51 | D:1      | Reached XP level 2. HP: 24/24 MP: 2/2
   252 | D:1      | Found Cirgh's Assorted Antiques.
   262 | D:1      | Bought a scroll labelled IWNERY PATOI for 24 gold pieces
   425 | D:1      | XOM: silly message
   744 | D:2      | XOM: potion effect (haste)
   762 | D:2      | Reached XP level 3. HP: 29/29 MP: 3/3
   775 | D:2      | XOM: divination: magic mapping
   853 | D:2      | XOM: divination: detect creatures
   938 | D:2      | Noticed Jessica
   947 | D:2      | Killed Jessica
   986 | D:2      | Reached skill level 1 in Unarmed Combat
  1049 | D:2      | Noticed Robin
  1054 | D:2      | Reached XP level 4. HP: 31/35 MP: 5/5
  1066 | D:2      | Killed Robin
  1067 | D:2      | Succumbed to Robin's poison

Illustrated notes

Levels and vault maps discovered:
D:1:      lightli_arrival_windingriver, layout_rooms, serial_shops,
          nicolae_shop_crystal
D:2:      layout_basic, uniq_jessica, uniq_crazy_yiuf_cottage, uniq_robin

Skill      XL: |  1  2  3 |
---------------+----------+-----
Dodging        | 1 |  1.8
Armour         | 2 |  2.1
Axes           | 3 |  3.0
Unarmed Combat | 1 |  1.0
Fighting       | |  3.3
Polearms       | |  0.6
Stealth        | |  0.5
Spellcasting   | |  0.9

Action                     |  1- 3 |  4- 6 || total
---------------------------+-------+-------++-------
  Melee: Hand axe          |    77 |    12 ||    89
    Use: Scroll            |     2 |       ||     2
         Potion            |       |     2 ||     2
   Stab: Petrified         |     2 |       ||     2
 Armour: Leather armour    |    40 |     8 ||    48
  Dodge: Dodged            |    44 |     5 ||    49

Table legend: (Time is in decaauts)
 A = Elapsed time spent in this place.
 B = Non-inter-level travel time spent in this place.
 C = Inter-level travel time spent in this place.
 D = Time resting spent in this place.
 E = Time spent auto-exploring this place.
 F = Levels seen in this place.
 G = Mean time per level.
                   A        B        C        D        E       F      G
               +--------+--------+--------+--------+--------+-----+--------+
         Total |   1062 |    976 |     86 |    162 |    610 |   2 |  531.0 |
       Dungeon |   1062 |    976 |     86 |    162 |    610 |   2 |  531.0 |
               +--------+--------+--------+--------+--------+-----+--------+

Top non-repeatable levels by time:
     D:1: 750 daAuts
     D:2: 311 daAuts
